 Dungeon Sprint DCSS version 0.19.1 (webtiles) character file.

2338 dvd the Grappler (level 9, -3/151 HPs)
             Began as a Troll Berserker on Dec 21, 2016.
             Was an Elder of Trog.
             Slain by a centaur warrior (11 damage)
             ... in the Dungeon (Sprint I: "Red Sonja").
             The game lasted 00:03:46 (597 turns).

dvd the Grappler (Troll Berserker)                   Turns: 597, Time: 00:03:46

Health: -3/151     AC:  7    Str: 33    XL:     9   Next: 19%
Magic:  8/8        EV: 14    Int:  3    God:    Trog [****..]
Gold:   716        SH:  0    Dex: 11    Spells: 0 memorised, 8 levels left

rFire  . . .     SeeInvis .     i - +6 club
rCold  . . .     Gourm    +     c - +0 troll leather armour
rNeg   . . .     Faith    .     (no shield)
rPois  .         Spirit   .     (helmet restricted)
rElec  .         Reflect  .     (no cloak)
rCorr  .         Harm     .     (gloves unavailable)
MR     ++...     NoTele   +     (boots unavailable)
Stlth  ..........               (no amulet)
                                (no ring)
                                (no ring)

@: berserking, regenerating, very quick
A: unfitting armour, claws 3, fast metabolism 3, gourmand, regeneration 1,
shaggy fur 1, tough skin 2
a: Berserk, Trog's Hand, Brothers in Arms, Burn Spellbooks, Renounce Religion


You were in the Dungeon.
You worshipped Trog.
Trog was greatly pleased with you.
You were full.

You visited 1 branch You collected 716 gold pieces.

Inventory:

Hand Weapons
 i - a +6 club (weapon)
Armour
 a - a +0 animal skin
 c - a +0 troll leather armour (worn)
Wands
 l - a wand of lightning (12/15)
Scrolls
 h - a scroll of blinking
 k - 3 scrolls of identify {unknown}
 n - a scroll of remove curse {unknown}
Potions
 d - a potion of heal wounds
 e - a potion of haste
 f - 2 potions of magic
 g - 2 potions of curing
 j - a potion of degeneration {unknown}
Comestibles
 b - 2 bread rations
 m - a royal jelly


   Skills:
 + Level 9.8 Fighting
 * Level 9.1 Maces & Flails
 + Level 0.7 Armour
 + Level 9.5 Dodging
 + Level 1.0 Stealth
 + Level 10.4 Unarmed Combat


You had 8 spell levels left.
You didn't know any spells.

Dungeon Overview and Level Annotations

Branches:
Dungeon (1/1)

Altars:
Cheibriados
Dithmenos
Elyvilon
Fedhas
Gozag
Hepliaklqana
Kikubaaqudgha
Makhleb
Nemelex Xobeh
Okawaru
Qazlal
Ru
Sif Muna
Trog
Uskayaw
Vehumet
Xom
Yredelemnul
Zin
The Shining One
Jiyva
Lugonu

Shops:
D [[


Innate Abilities, Weirdness & Mutations

You are too large for most types of armour.
You have claws for hands.
Your metabolism is lightning-fast.
You like to eat raw meat.
Your natural rate of healing is unusually fast.
You are covered in fur. (AC +1)
You have very tough skin. (AC +2)


Message History

Your Stealth skill increases to level 1!
You have reached level 9!
Your experience leads to an increase in your attributes!
Your base attributes are Str 26, Int 3, Dex 11.
Increase (S)trength, (I)ntelligence, or (D)exterity?
You feel stronger. x2
The centaur warrior hits you but does no damage.
Unknown command.
You sock the centaur warrior!
The centaur warrior is lightly wounded.
The centaur warrior hits you!
* * * LOW HITPOINT WARNING * * *
You sock the centaur warrior!
The centaur warrior is heavily wounded.
The centaur warrior hits you!
* * * LOW HITPOINT WARNING * * *
You sock the centaur warrior!
The centaur warrior is almost dead.
The centaur warrior hits you!
You die...

##################
<.#..').#..'..#__#
..'†.#..').#..'..+
..#####'#####'#__####
..####..#...#.####§§#
..#__####..##.#≈§§§§#
..#_____##'#..+§§≈§.+
⌠⌠#_.∩...'..._#§c§§.#
###_..__##_.#'##@###
#_____###'#(#.)()###
#########.####'###.##
.......'...'.....'.∩#
++++####...##########
###.### #.#'#.#
#.....# #..)".#


You could see a centaur warrior.

Vanquished Creatures
  A centaur warrior (D)
  Sonja (D)
  A deep troll (D)
  A slime creature (D)
  Sigmund (D)
  A yak (D)
  An ogre (D)
  A jelly (D)
  Ijyb (D)
  2 ballistomycetes (D)
  A ballistomycete spore (D)
12 creatures vanquished.

Vanquished Creatures (others)
  A ballistomycete spore (D)
1 creature vanquished.

Grand Total: 13 creatures vanquished

Notes
Turn   | Place    | Note
-------+----------+-------------------------------------------
     0 | D        | dvd the Troll Berserker began the quest for the Orb.
     0 | D        | Reached XP level 1. HP: 22/22 MP: 0/0
     1 | D        | Noticed Ijyb
     8 | D        | Killed Ijyb
     8 | D        | Reached skill level 4 in Unarmed Combat
     8 | D        | Reached XP level 2. HP: 26/31 MP: 1/1
    14 | D        | Noticed an ogre
    18 | D        | Killed an ogre
    18 | D        | Reached skill level 5 in Fighting
    18 | D        | Reached skill level 5 in Dodging
    18 | D        | Reached skill level 6 in Unarmed Combat
    18 | D        | Reached XP level 3. HP: 20/42 MP: 2/2
    18 | D        | Reached XP level 4. HP: 24/50 MP: 3/3
    74 | D        | Noticed Sigmund
    82 | D        | Killed Sigmund
    82 | D        | Reached ** piety under Trog
    82 | D        | Reached skill level 1 in Maces & Flails
    82 | D        | Reached skill level 7 in Unarmed Combat
    82 | D        | Reached XP level 5. HP: 60/61 MP: 4/4
    98 | D        | Found a deep blue altar of Sif Muna.
   100 | D        | Found a radiant altar of Vehumet.
   104 | D        | Reached XP level 6. HP: 66/68 MP: 5/5
   129 | D        | Found Ihuciowk's Armour Emporium.
   129 | D        | Found an ancient bone altar of Kikubaaqudgha.
   129 | D        | Found a hazy altar of Hepliaklqana.
   129 | D        | Found a stormy altar of Qazlal.
   129 | D        | Found a hide-covered altar of Uskayaw.
   129 | D        | Found a blossoming altar of Fedhas.
   129 | D        | Found a bloodstained altar of Trog.
   129 | D        | Found an iron altar of Okawaru.
   129 | D        | Found a basalt altar of Yredelemnul.
   129 | D        | Found a glowing golden altar of the Shining One.
   129 | D        | Found a snail-covered altar of Cheibriados.
   129 | D        | Found a sacrificial altar of Ru.
   129 | D        | Found a glowing silver altar of Zin.
   129 | D        | Found a shadowy altar of Dithmenos.
   129 | D        | Found a white marble altar of Elyvilon.
   129 | D        | Noticed a yak
   130 | D        | Found an opulent altar of Gozag.
   137 | D        | Killed a yak
   137 | D        | Reached skill level 8 in Unarmed Combat
   138 | D        | Found a sparkling altar of Nemelex Xobeh.
   169 | D        | Found a burning altar of Makhleb.
   169 | D        | Found a viscous altar of Jiyva.
   169 | D        | Found a shimmering altar of Xom.
   169 | D        | Found a corrupted altar of Lugonu.
   169 | D        | Noticed a slime creature
   177 | D        | Killed a slime creature
   177 | D        | Reached *** piety under Trog
   177 | D        | Reached skill level 9 in Unarmed Combat
   177 | D        | Reached XP level 7. HP: 36/80 MP: 6/6
   256 | D        | Noticed Sonja
   266 | D        | Killed Sonja
   266 | D        | Reached XP level 8. HP: 58/91 MP: 7/7
   359 | D        | Noticed a deep troll
   376 | D        | Killed a deep troll
   376 | D        | Reached skill level 10 in Unarmed Combat
   455 | D        | Found Ficubed's Armour Emporium.
   579 | D        | Noticed a centaur warrior
   580 | D        | Noticed a centaur warrior
   594 | D        | Killed a centaur warrior
   594 | D        | Reached **** piety under Trog
   594 | D        | Reached skill level 1 in Stealth
   594 | D        | Reached XP level 9. HP: 24/101 MP: 8/8
   596 | D        | HP: 7/151 [centaur warrior (13)]
   597 | D        | Slain by a centaur warrior

Skill      XL: |  1  2  3  4  5  6  7  8 |
---------------+-------------------------+-----
Fighting       | 3 5 6 8 9 |  9.8
Dodging        | 3 5 6 7 8 9 |  9.5
Unarmed Combat | 4 6 7 9 10 | 10.4
Maces & Flails | 1 3 6 9 |  9.1
Stealth        | 1 |  1.0
Armour         | |  0.7

Action                   |  1- 3 |  4- 6 |  7- 9 || total
-------------------------+-------+-------+-------++-------
Melee: Unarmed           |     6 |       |       ||     6
       Club              |     4 |    23 |    43 ||    70
       Punch             |       |     2 |     2 ||     4
Invok: Berserk           |       |     1 |     2 ||     3
       Trog's Hand       |       |       |     2 ||     2
  Use: Potion            |       |       |     2 ||     2
  Eat: Chunk             |       |     7 |     5 ||    12
Armor: Animal skin       |       |     4 |    10 ||    14
       Troll leather arm |       |       |     4 ||     4
Dodge: Dodged            |     4 |    13 |    29 ||    46
